 Dungeon Crawl Stone Soup version 0.29-a0-356-g7bc237e783 (webtiles) character file.

Game seed: 8893097565930098376

68 OrbIsHorse the Skirmisher (level 4, -1/29 HPs)
             Began as a Gargoyle Fighter on Apr 25, 2022.
             Slain by Terence
             ... wielding a +0 short sword
              (5 damage)
             ... on level 2 of the Dungeon.
             The game lasted 00:09:48 (1385 turns).

OrbIsHorse the Skirmisher (Gargoyle Fighter)        Turns: 1385, Time: 00:09:49

Health: -1/29      AC: 10    Str: 21    XL:     4   Next: 19%
Magic:  4/4        EV:  9    Int:  9    God:
Gold:   51         SH:  4    Dex:  9    Spells: 1/3 levels left

rFire   . . .      SeeInvis .   a - +0 flail
rCold   . . .      Faith    .   c - +0 buckler
rNeg    + . .      Spirit   .   b - +0 scale mail
rPois   ∞          Reflect  .   (no helmet)
rElec   +          Harm     .   (no cloak)
rCorr   .          Rampage  .   (no gloves)
Will    .....                   (no boots)
Stlth   ..........              (no amulet)
HPRegen 0.09/turn               (no ring)
MPRegen 0.09/turn               (no ring)

@: no status effects
A: sickness immunity, AC +3, negative energy resistance 1, electricity
resistance, torment resistance 1, petrification resistance
a: no special abilities


You were on level 2 of the Dungeon.
You visited 1 branch of the dungeon, and saw 3 of its levels.

You collected 79 gold pieces.
You spent 28 gold pieces at shops.

Inventory:

Hand Weapons
 a - a +0 flail (weapon)
 d - a +0 club
 f - a +0 dagger
 g - a +0 dagger
 h - a +0 dagger
 k - a +0 dagger
 p - a +0 dagger
 u - a +0 trident
Missiles
 i - 49 stones
 l - 2 boomerangs (quivered)
Armour
 b - a +0 scale mail (worn)
 c - a +0 buckler (worn)
 n - a +0 ring mail
 o - a +0 ring mail
 q - a +0 pair of boots
 s - a +0 leather armour of cold resistance
 t - a +0 chain mail
Scrolls
 e - a scroll of identify {unknown}
 v - a scroll of summoning {unknown}
 w - a scroll of teleportation {unknown}
 x - a scroll of holy word {unknown}
Potions
 m - a potion of flight {unknown}
 r - a potion of degeneration {unknown}


   Skills:
 + Level 3.9 Fighting
 + Level 2.7 Maces & Flails
 + Level 0.6 Throwing
 + Level 3.8 Armour
 + Level 0.7 Dodging
 + Level 3.5 Shields


You had one spell level left.
You knew the following spells:

 Your Spells              Type           Power      Damage    Failure   Level
a - Blink                 Tloc           0%         N/A       91%         2

Your spell library contained the following spells:

 Spells                   Type           Power      Damage    Failure   Level
 Lesser Beckoning         Tloc           0%         N/A       99%         3
 Manifold Assault         Tloc           0%         N/A       100%        5


Dungeon Overview and Level Annotations

Branches:
Dungeon (3/15)

Altars:

Shops:
D:2 (

Annotations:
D:2 Terence


Innate Abilities, Weirdness & Mutations

You are immune to sickness and miasma.
Your stone body is resilient. (AC +3)
You are immune to poison.
You resist negative energy. (rN+)
You are resistant to electric shocks. (rElec)
You are resistant to unholy torment.
You are immune to petrification.


Message History

Terence attacks as you move away! Terence hits you but does no damage.
Terence attacks as you move away! Terence closely misses you.
Your magical contamination has completely faded away.
Terence screams, "I'm going to kill you!"
Terence hits you but does no damage.
Throw: 2 boomerangs
Press: ? - help, Q - select action, (/) - cycle Shift-Dir - straight line, f/p - Terence
Aim: Terence, wielding a +0 short sword and wearing a +0 scale mail (lightly wounded, 58% to hit)
You throw a boomerang. The boomerang hits Terence.
Terence is lightly wounded.
Terence hits you but does no damage. Terence attacks as you move away!
Terence hits you but does no damage. Terence hits you but does no damage.
There is an escape hatch in the ceiling here.
You can't go down here!
Terence hits you but does no damage. A mysterious force pulls you upwards.
The hatch slams shut behind you.
Throw: 2 boomerangs
Press: ? - help, Q - select action, (/) - cycle Shift-Dir - straight line, f - Terence
Aim: Terence, wielding a +0 short sword and wearing a +0 scale mail (lightly wounded, 58% to hit)
You throw a boomerang. The boomerang hits Terence.
Terence is moderately wounded.
Terence hits you with a +0 short sword.
* * * LOW HITPOINT WARNING * * *
Terence hits you with a +0 short sword.
* * * LOW HITPOINT WARNING * * *
Terence hits you but does no damage. Terence attacks as you move away!
Terence hits you but does no damage.
A giant cockroach comes into view.
Terence shouts, "Get ready for death!"
Terence attacks as you move away! You block Terence's attack.
Terence attacks as you move away! Terence hits you but does no damage.
Terence attacks as you move away! Terence hits you with a +0 short sword.
* * * LOW HITPOINT WARNING * * *
Terence attacks as you move away! You block Terence's attack.
There is an entrance to Irohai's Weapon Boutique here.
There are monsters nearby!
As you read the scroll of fog, it crumbles to dust.
The scroll dissolves into smoke.
Terence hits you with a +0 short sword.
You die...

######.#########
................
######...####### #...#
## #####...# ##### .#
...#...# ##...##.#
#.#...###.....#.#
#.....##..§§§...#
##....##.§§@§...#
#######....##..B@§..##
...†.†.......#§..§.##
########...#.##...##
...........#.##..##
#########.##.###.#
...........>###.#
[######.......#.#
#...#.#.#.#


You could see Terence and a giant cockroach.

Vanquished Creatures
  An orc priest (D:3)
  2 adders
  A worm (D:3)
  A dart slug (D:3)
  2 orcs (D:3)
  2 ball pythons (D:2)
  2 bats (D:2)
  An endoplasm (D:2)
  A goblin (D:2)
  2 hobgoblins
  A kobold (D:2)
  2 rats (D:1)
18 creatures vanquished.

Notes
Turn   | Place    | Note
-------+----------+-------------------------------------------
     0 | D:1      | OrbIsHorse the Gargoyle Fighter began the quest for the
                  | Orb.
     0 | D:1      | Reached XP level 1. HP: 14/14 MP: 1/1
    65 | D:1      | You fall into a shaft and drop 1 floor!
   278 | D:2      | Found Irohai's Weapon Boutique.
   326 | D:2      | Reached XP level 2. HP: 12/20 MP: 2/2
   557 | D:2      | Bought 4 boomerangs for 28 gold pieces
  1056 | D:3      | Reached XP level 3. HP: 22/24 MP: 3/3
  1163 | D:3      | Learned a level 2 spell: Blink
  1220 | D:3      | Reached XP level 4. HP: 26/29 MP: 4/4
  1334 | D:3      | Noticed Terence
  1385 | D:2      | Slain by Terence

Illustrated notes

Levels and vault maps discovered:
D:1:      lemuel_arrival_funnel, layout_basic,
          hellmonk_ecumenical_altar_lost_god
D:2:      layout_basic, serial_shops, nicolae_shop_bloodbath_and_beyond,
          kennysheep_generic_room_10
D:3:      minmay_skewed_foursquare, layout_basic, grunt_ministairs_3,
          uniq_terence

Action                   |  1- 3 |  4- 6 || total
-------------------------+-------+-------++-------
Melee: Flail             |    63 |     9 ||    72
Throw: Stone             |    10 |       ||    10
       Boomerang         |    11 |     9 ||    20
  Use: Potion            |     1 |       ||     1
       Scroll            |       |     2 ||     2
Armor: Scale mail        |    66 |    15 ||    81
Dodge: Dodged            |    60 |     8 ||    68
Block: Buckler           |    24 |     5 ||    29

Table legend: (Time is in decaauts)
 A = Elapsed time spent in this place.
 B = Non-inter-level travel time spent in this place.
 C = Inter-level travel time spent in this place.
 D = Time resting spent in this place.
 E = Time spent auto-exploring this place.
 F = Levels seen in this place.
 G = Mean time per level.
                   A        B        C        D        E       F      G
               +--------+--------+--------+--------+--------+-----+--------+
         Total |   1417 |   1411 |      6 |    500 |     67 |   3 |  472.3 |
       Dungeon |   1417 |   1411 |      6 |    500 |     67 |   3 |  472.3 |
               +--------+--------+--------+--------+--------+-----+--------+

Top non-repeatable levels by time:
     D:2: 994 daAuts
     D:3: 356 daAuts
     D:1: 66 daAuts
